 Dungeon Crawl Stone Soup version 0.17-a0-1646-geb1493d (webtiles) character file.

214 thrall606 the Shield-Bearer (level 5, -11/41 HPs)
             Began as a Demonspawn Fighter on Aug 9, 2015.
             Killed by divine providence
             ... invoked by an orc priest
              (15 damage)
             ... on level 3 of the Dungeon.
             The game lasted 00:11:35 (3658 turns).

thrall606 the Shield-Bearer (Demonspawn Fighter)    Turns: 3658, Time: 00:11:35

Health: -11/41     AC: 10    Str: 16      XL:     5   Next: 59%
Magic:  5/5        EV:  5    Int:  8 (9)  God:
Gold:   158        SH:  9    Dex: 14      Spells: 0 memorised, 4 levels left

rFire  + . .     SeeInvis .     p - +0 broad axe
rCold  + + .     Clarity  .     n - +1 chain mail
rNeg   . . .     SustAt   .     c - +0 shield
rPois  .         Gourm    .     (no helmet)
rElec  .         Spirit   .     (no cloak)
rCorr  +         Warding  .     (no gloves)
rMut   .         Stasis   .     (no boots)
MR     .....                    q - amulet of resist corrosion
Stlth  ..........               i - ring of protection from cold
                                g - ring of protection from fire

@: not resistant to hostile enchantments, extremely unstealthy
A: cold resistance 1, powered by pain 1
a: no special abilities


You were on level 3 of the Dungeon.
You were not hungry.

You visited 1 branch of the dungeon, and saw 4 of its levels.

You collected 158 gold pieces.

Inventory:

Hand weapons
 a - a +0 long sword
 k - a +0 falchion
 p - a +0 broad axe (weapon)
Armour
 b - a +0 scale mail
 c - a +0 shield (worn)
 l - a +0 scale mail
 n - a +1 chain mail (worn)
Jewellery
 g - a ring of protection from fire (left hand)
 i - a ring of protection from cold (right hand)
 q - an amulet of resist corrosion (around neck)
Scrolls
 h - a scroll of identify
 m - a scroll of remove curse
 r - a scroll of blinking
Potions
 t - a potion of lignification
Comestibles
 e - a bread ration
 f - a meat ration
 o - a beef jerky


   Skills:
 + Level 3.4 Fighting
 + Level 2.1 Long Blades
 + Level 3.8 Armour
 + Level 2.0 Dodging
 + Level 0.4 Stealth
 + Level 3.9 Shields


You had 4 spell levels left.
You didn't know any spells.

Dungeon Overview and Level Annotations

Branches:
Dungeon (4/15)
 Temple: D:4-7

Altars:
Ashenzari
Nemelex Xobeh


Innate Abilities, Weirdness & Mutations

Your flesh is cold resistant.
You sometimes gain a little power by taking damage.


Message History

Something smites you!
You see here a dagger.
You slash the orc priest!
The orc priest is heavily wounded.
You block the orc priest's attack.
The orc priest calls down the wrath of Beogh upon you.
Something smites you!
* * * LOW HITPOINT WARNING * * *
You barely miss the orc priest.
The orc priest is heavily wounded.
You block the orc priest's attack.
You hit the orc priest.
The orc priest is almost dead.
The orc priest hits you but does no damage. x2
You hit the orc priest.
The orc priest is almost dead.
You block the orc priest's attack.
The orc priest calls down the wrath of Beogh upon you.
Something smites you!
You die...

#................###
###.##.#.#.#.#.#...#
#.#...........##.###########
######.##.#.#.#.#.###............
.....#.#............#..##########
.....#..#.#.#.#.#.#..............
.....###...........##......##....
.....'..#.#.#.#(#.####.######....
.....###.[.....o@......# #....
........#.#.#.#.#.#....# ####....
.................).....# #.....##
#.......#.#.#.#.#.#....# #.#####
#########..##.#........###.###
##.##........#.......#
##########.###.#.###.#....)..####
.........#.# #.#.# #.#.......#...
.........#.# #.#.###.#####.......


You could see an orc priest.

Vanquished Creatures
  An orc wizard (D:3)
  2 orc priests
  8 adders
  2 giant geckos
  7 orcs
  4 giant cockroaches
  5 goblins
  5 hobgoblins
  5 jackals
  A quokka (D:3)
  5 bats
  4 kobolds
  4 rats
53 creatures vanquished.

Notes
Turn   | Place    | Note
--------------------------------------------------------------
     0 | D:1      | thrall606 the Demonspawn Fighter began the quest for the Orb.
     0 | D:1      | Reached XP level 1. HP: 18/18 MP: 1/1
   162 | D:1      | Gained mutation: You sometimes gain a little power by taking damage. [demonic ancestry]
   162 | D:1      | Reached XP level 2. HP: 24/24 MP: 2/2
   757 | D:2      | Reached XP level 3. HP: 14/29 MP: 3/3
   944 | D:2      | Reached skill level 1 in Dodging
  1289 | D:2      | Found a shattered altar of Ashenzari.
  2097 | D:3      | Gained mutation: Your flesh is cold resistant. [demonic ancestry]
  2097 | D:3      | Reached XP level 4. HP: 30/35 MP: 4/4
  2574 | D:2      | Found a sparkling altar of Nemelex Xobeh.
  3024 | D:4      | Reached XP level 5. HP: 24/41 MP: 5/5
  3658 | D:3      | Killed from afar by an orc priest

Vault maps used:
D:1:      erik_arrival_blinker_ship
D:2:      lemuel_doored_altar, nicolae_overflow_hidden_temple, first_bread,
          kennysheep_another_room
D:3:      st_stairs_11
D:4:      kennysheep_minor_cross, nicolae_ru_great_annihilating_truth

Action                   |  1- 3 |  4- 6 || total
-------------------------+-------+-------++-------
Melee: Long sword        |   163 |    31 ||   194
       Broad axe         |       |    96 ||    96
  Use: Potion            |     5 |     3 ||     8
       Scroll            |     8 |     3 ||    11
  Eat: Chunk             |     3 |     1 ||     4
       Bread ration      |     1 |     1 ||     2
